[ AOE2 MATCH · #479160604 ]
Team RMTeutons vs Persians
[ REPLAY ANALYSIS · EXTRACTED FROM THE RECORDED GAME ]
Feudal
15:17
Castle
24:07
Imperial
—
| APM avg | 20.2 |
| APM peak | 49 |
| eAPM avg | 14.0 |
| Villagers / military | 60 / 15 |
Focus
⚔️ 30.5% · 🌾 69.5%
Spearman ×11 · Trade Cart ×2 · Knight ×2 · Teutonic Knight ×1 · Mangonel ×1
Feudal
11:03
Castle
24:06
Imperial
—
| APM avg | 8.6 |
| APM peak | 19 |
| eAPM avg | 7.2 |
| Villagers / military | 76 / 10 |
Focus
⚔️ 19.4% · 🌾 80.6%
Spearman ×5 · Unknown (2550) ×4 · Archer ×4 · Trade Cart ×4 · Monk ×1
Feudal
14:37
Castle
22:27
Imperial
—
| APM avg | 14.0 |
| APM peak | 32 |
| eAPM avg | 10.1 |
| Villagers / military | 111 / 2 |
Focus
⚔️ 7.2% · 🌾 92.8%
Trade Cart ×8 · Monk ×2
Feudal
13:07
Castle
27:02
Imperial
—
| APM avg | 12.0 |
| APM peak | 37 |
| eAPM avg | 7.8 |
| Villagers / military | 45 / 6 |
Focus
⚔️ 10.2% · 🌾 89.8%
Spearman ×6
Feudal
15:55
Castle
25:44
Imperial
—
| APM avg | 8.6 |
| APM peak | 19 |
| eAPM avg | 7.8 |
| Villagers / military | 101 / 0 |
Focus
⚔️ 5.0% · 🌾 95.0%
Trade Cart ×14
Feudal
10:32
Castle
17:45
Imperial
31:25
| APM avg | 20.1 |
| APM peak | 54 |
| eAPM avg | 12.8 |
| Villagers / military | 93 / 12 |
Focus
⚔️ 13.7% · 🌾 86.3%
Conquistador ×5 · Trebuchet (Packed) ×4 · Battering Ram ×2 · Monk ×1
Match map
Resources at game start + every placement click. Thick line = wall · dashed box = detected house wall. 🟡 gold · ⚪ stone · 🟢 berries · 🔶 boar · ⭕ relic
Inputs per minute
— Twixxo - - Lauro
Build order — Twixxo
First 150 of 156 actions detected
| 0:03 | Create | Villager (Male) |
| 0:12 | Research | Loom |
| 0:13 | Create | Villager (Male) |
| 0:16 | Build | House |
| 0:54 | Create | Villager (Male) |
| 0:55 | Create | Villager (Male) |
| 1:23 | Build | Palisade Wall |
| 1:48 | Build | Palisade Wall |
| 1:58 | Build | Lumber Camp |
| 3:04 | Create | Villager (Male) |
| 3:36 | Create | Villager (Male) |
| 3:45 | Build | House |
| 4:35 | Create | Villager (Male) |
| 5:12 | Create | Villager (Male) |
| 5:46 | Create | Villager (Male) |
| 5:47 | Create | Villager (Male) |
| 6:00 | Build | House |
| 6:07 | Build | House |
| 6:23 | Create | Villager (Male) |
| 6:28 | Create | Villager (Male) |
| 7:18 | Build | Mill |
| 7:22 | Create | Villager (Male) |
| 7:24 | Create | Villager (Male) |
| 7:24 | Create | Villager (Male) |
| 8:52 | Create | Villager (Male) |
| 9:09 | Create | Villager (Male) |
| 9:18 | Build | Farm |
| 9:25 | Create | Villager (Male) |
| 10:12 | Create | Villager (Male) |
| 10:33 | Build | House |
| 10:34 | Build | House |
| 10:37 | Create | Villager (Male) |
| 10:42 | Create | Villager (Male) |
| 10:51 | Build | Farm |
| 11:08 | Build | Farm |
| 11:55 | Build | Farm |
| 12:08 | Build | Farm |
| 12:12 | Create | Villager (Male) |
| 12:22 | Build | Farm |
| 13:07 | Research | Feudal Age |
| 13:15 | Build | Farm |
| 13:29 | Build | Farm |
| 13:34 | Build | Mining Camp |
| 13:40 | Create | Villager (Male) |
| 14:16 | Create | Villager (Male) |
| 14:48 | Create | Villager (Male) |
| 15:08 | Build | Lumber Camp |
| 15:13 | Create | Villager (Male) |
| 15:14 | Create | Villager (Male) |
| 15:17 | Age | Feudal Age |
| 15:23 | Build | Mining Camp |
| 15:24 | Create | Villager (Male) |
| 15:25 | Research | Horse Collar |
| 15:27 | Research | Double-Bit Axe |
| 15:33 | Build | Stone Wall |
| 15:38 | Build | Watch Tower |
| 15:52 | Build | Barracks |
| 15:55 | Create | Villager (Male) |
| 16:11 | Build | Stone Wall |
| 16:27 | Create | Villager (Male) |
| 16:29 | Create | Villager (Male) |
| 16:32 | Create | Spearman |
| 17:08 | Build | Stable |
| 17:10 | Create | Villager (Male) |
| 17:31 | Create | Villager (Male) |
| 17:56 | Build | Market |
| 18:34 | Build | Blacksmith |
| 18:46 | Build | Farm |
| 19:42 | Build | House |
| 19:44 | Build | House |
| 19:47 | Create | Villager (Male) |
| 19:48 | Research | Castle Age |
| 19:52 | Research | Wheelbarrow |
| 19:53 | Research | Castle Age |
| 20:02 | Research | Gold Mining |
| 20:16 | Build | Farm |
| 21:05 | Build | House |
| 21:16 | Research | Bloodlines |
| 21:37 | Create | Spearman ×5 |
| 22:10 | Build | Farm |
| 22:13 | Build | Farm |
| 22:22 | Research | Stone Mining |
| 22:27 | Create | Trade Cart |
| 22:48 | Create | Spearman |
| 23:32 | Build | Building 487 |
| 23:35 | Build | Stone Wall |
| 23:39 | Build | Stone Wall |
| 23:45 | Create | Spearman |
| 23:49 | Research | Forging |
| 23:50 | Research | Scale Mail Armor |
| 23:50 | Research | Scale Barding Armor |
| 24:07 | Age | Castle Age |
| 24:24 | Create | Villager (Male) |
| 24:34 | Build | Town Center |
| 24:41 | Create | Villager (Male) |
| 24:47 | Build | Castle |
| 24:59 | Build | Archery Range |
| 25:08 | Research | Bow Saw |
| 25:08 | Research | Bow Saw |
| 25:09 | Research | Heavy Plow |
| 25:17 | Create | Villager (Male) |
| 25:38 | Create | Villager (Male) |
| 26:02 | Create | Villager (Male) |
| 26:05 | Create | Villager (Male) |
| 26:10 | Create | Villager (Male) |
| 26:26 | Build | Building 487 |
| 26:40 | Create | Villager (Male) |
| 26:40 | Create | Villager (Male) |
| 26:50 | Build | Building 490 |
| 26:59 | Build | Building 490 |
| 27:01 | Create | Spearman |
| 27:09 | Create | Villager (Male) |
| 27:18 | Create | Villager (Male) |
| 27:41 | Build | Farm |
| 27:44 | Build | Farm |
| 27:46 | Create | Villager (Male) |
| 27:49 | Create | Villager (Male) |
| 28:06 | Build | Stone Wall |
| 28:10 | Build | Building 490 |
| 28:11 | Build | Stone Wall |
| 28:45 | Build | House |
| 28:49 | Create | Trade Cart |
| 28:50 | Create | Villager (Male) |
| 28:51 | Create | Villager (Male) |
| 28:53 | Create | Knight |
| 28:54 | Create | Spearman |
| 28:58 | Create | Villager (Male) |
| 28:59 | Create | Villager (Male) |
| 29:09 | Build | Farm |
| 29:12 | Build | Farm |
| 29:15 | Build | Farm |
| 29:17 | Create | Villager (Male) |
| 29:27 | Build | Stone Wall |
| 29:28 | Build | Stone Wall |
| 29:39 | Create | Teutonic Knight |
| 30:09 | Build | Town Center |
| 30:28 | Create | Villager (Male) |
| 30:31 | Create | Villager (Male) |
| 31:08 | Build | Siege Workshop |
| 31:20 | Create | Spearman |
| 31:20 | Create | Knight |
| 31:26 | Create | Villager (Male) |
| 31:32 | Create | Villager (Male) |
| 31:53 | Create | Mangonel |
| 31:56 | Create | Villager (Male) |
| 31:56 | Create | Villager (Male) |
| 32:01 | Build | Farm |
| 32:06 | Build | Farm |
| 32:16 | Build | Farm |
| 32:20 | Build | Farm |
Build order — Lauro
150 actions detected in the replay
| 0:08 | Build | House |
| 0:11 | Research | Loom |
| 0:27 | Build | Palisade Wall |
| 0:39 | Build | House |
| 0:40 | Create | Villager (Male) ×4 |
| 1:14 | Build | Settlement |
| 2:17 | Create | Villager (Male) |
| 2:18 | Create | Villager (Male) |
| 3:01 | Build | Palisade Wall |
| 3:13 | Create | Villager (Male) |
| 3:13 | Create | Villager (Male) |
| 4:48 | Create | Villager (Male) |
| 4:48 | Create | Villager (Male) |
| 4:48 | Create | Villager (Male) |
| 4:49 | Create | Villager (Male) |
| 4:58 | Create | Villager (Male) |
| 4:59 | Create | Villager (Male) |
| 5:44 | Create | Villager (Male) |
| 5:44 | Create | Villager (Male) |
| 6:24 | Create | Villager (Male) |
| 6:25 | Create | Villager (Male) |
| 8:23 | Build | Settlement |
| 8:33 | Build | House |
| 8:41 | Create | Villager (Male) |
| 8:41 | Create | Villager (Male) |
| 8:42 | Create | Villager (Male) |
| 8:42 | Create | Villager (Male) |
| 8:53 | Research | Feudal Age |
| 9:26 | Create | Villager (Male) |
| 11:03 | Age | Feudal Age |
| 11:03 | Research | Wheelbarrow |
| 11:04 | Research | Wheelbarrow |
| 11:07 | Research | Double-Bit Axe |
| 11:08 | Research | Horse Collar |
| 11:10 | Create | Villager (Male) |
| 11:38 | Build | Barracks |
| 12:58 | Research | Tech 1402 |
| 13:20 | Create | Villager (Male) ×5 |
| 13:42 | Build | Settlement |
| 15:31 | Build | Market |
| 15:39 | Create | Villager (Male) ×2 |
| 15:47 | Create | Spearman ×4 |
| 16:18 | Build | Settlement |
| 16:23 | Create | Villager (Male) |
| 16:23 | Create | Villager (Male) |
| 16:39 | Build | Farm |
| 17:07 | Create | Villager (Male) |
| 17:07 | Create | Villager (Male) |
| 17:13 | Research | Gold Mining |
| 17:19 | Create | Spearman |
| 17:47 | Create | Villager (Male) ×4 |
| 18:16 | Build | Farm |
| 18:22 | Build | Farm |
| 18:31 | Build | House |
| 18:33 | Build | House |
| 18:35 | Build | House |
| 18:37 | Build | House |
| 18:42 | Build | Farm |
| 18:43 | Build | Farm |
| 18:45 | Build | Farm |
| 18:46 | Build | Farm |
| 19:07 | Build | Farm |
| 19:34 | Build | Farm |
| 19:51 | Build | Farm |
| 19:54 | Build | Farm |
| 20:09 | Build | Archery Range |
| 20:36 | Create | Villager (Male) |
| 20:36 | Create | Villager (Male) |
| 20:37 | Create | Villager (Male) |
| 20:53 | Build | Farm |
| 20:55 | Build | Farm |
| 20:58 | Build | Blacksmith |
| 21:25 | Research | Castle Age |
| 21:29 | Build | Farm |
| 21:58 | Research | Arson |
| 22:01 | Create | Unit 2550 ×3 |
| 22:07 | Create | Archer ×2 |
| 22:23 | Build | Farm |
| 22:25 | Build | Farm |
| 22:27 | Build | Farm |
| 22:44 | Build | Settlement |
| 23:13 | Research | Stone Mining |
| 23:16 | Research | Forging |
| 23:17 | Research | Fletching |
| 23:17 | Research | Padded Archer Armor |
| 24:06 | Age | Castle Age |
| 24:10 | Build | Town Center |
| 24:17 | Build | Monastery |
| 24:21 | Create | Villager (Male) |
| 24:22 | Create | Villager (Male) |
| 24:29 | Research | Gold Shaft Mining |
| 24:51 | Create | Monk |
| 24:58 | Create | Villager (Male) |
| 24:58 | Create | Villager (Male) |
| 25:01 | Create | Villager (Male) |
| 25:07 | Create | Villager (Male) |
| 25:36 | Research | Tech 1351 |
| 25:40 | Research | Hand Cart |
| 25:45 | Create | Villager (Male) |
| 25:45 | Create | Villager (Male) |
| 26:00 | Create | Trade Cart |
| 26:11 | Research | Squires |
| 26:27 | Create | Villager (Male) |
| 26:28 | Create | Villager (Male) |
| 26:28 | Create | Villager (Male) |
| 26:38 | Research | Bow Saw |
| 26:59 | Research | Heavy Plow |
| 27:03 | Build | Farm |
| 27:08 | Build | Farm |
| 27:12 | Build | Farm |
| 27:15 | Build | Farm |
| 27:19 | Create | Villager (Male) ×2 |
| 27:22 | Research | Town Watch |
| 27:23 | Create | Villager (Male) |
| 27:41 | Create | Villager (Male) |
| 27:41 | Create | Villager (Male) |
| 27:48 | Build | University |
| 27:53 | Create | Unit 2550 |
| 27:57 | Research | Pikeman (upgrade) |
| 28:18 | Create | Trade Cart |
| 28:19 | Create | Trade Cart |
| 28:20 | Create | Trade Cart |
| 28:29 | Create | Villager (Male) |
| 28:30 | Create | Villager (Male) |
| 28:30 | Create | Villager (Male) |
| 28:33 | Create | Villager (Male) |
| 28:49 | Create | Villager (Male) |
| 28:50 | Create | Villager (Male) |
| 28:51 | Create | Villager (Male) |
| 29:30 | Build | Castle |
| 29:44 | Build | House |
| 29:45 | Build | House |
| 29:47 | Build | House |
| 29:48 | Build | House |
| 30:10 | Research | Treadmill Crane |
| 30:14 | Create | Villager (Male) ×5 |
| 30:23 | Create | Archer |
| 30:25 | Research | Crossbowman (upgrade) |
| 30:26 | Create | Archer |
| 31:03 | Research | Town Patrol |
| 31:19 | Build | Farm |
| 31:21 | Create | Villager (Male) ×5 |
| 31:29 | Build | Farm |
| 32:46 | Create | Villager (Male) |
| 33:01 | Research | Imperial Age |
| 33:13 | Build | Barracks |
| 33:16 | Build | Barracks |
| 33:20 | Build | Barracks |
| 33:30 | Build | Barracks |
| 33:45 | Build | Barracks |
Build order — Infernes
First 150 of 233 actions detected
| 0:03 | Create | Villager (Male) |
| 0:04 | Research | Loom |
| 0:05 | Create | Villager (Male) |
| 0:05 | Create | Villager (Male) |
| 0:05 | Create | Villager (Male) |
| 0:06 | Create | Villager (Male) |
| 0:06 | Create | Villager (Male) |
| 0:15 | Build | House |
| 2:19 | Build | Palisade Wall |
| 2:24 | Build | Palisade Wall |
| 3:05 | Create | Villager (Male) |
| 3:05 | Create | Villager (Male) |
| 3:12 | Build | Palisade Wall |
| 3:17 | Build | House |
| 3:23 | Create | Villager (Male) |
| 3:23 | Create | Villager (Male) |
| 4:00 | Create | Villager (Male) |
| 4:01 | Create | Villager (Male) |
| 4:01 | Create | Villager (Male) |
| 4:32 | Build | House |
| 4:33 | Build | House |
| 4:34 | Build | House |
| 4:35 | Build | House |
| 4:54 | Create | Villager (Male) |
| 4:54 | Create | Villager (Male) |
| 5:29 | Create | Villager (Male) |
| 5:29 | Create | Villager (Male) |
| 5:43 | Create | Villager (Male) |
| 6:11 | Create | Villager (Male) |
| 6:11 | Create | Villager (Male) |
| 6:12 | Create | Villager (Male) |
| 6:12 | Create | Villager (Male) |
| 6:35 | Build | Palisade Wall |
| 6:46 | Create | Villager (Male) |
| 6:46 | Create | Villager (Male) |
| 6:46 | Create | Villager (Male) |
| 7:11 | Create | Villager (Male) |
| 7:11 | Create | Villager (Male) |
| 7:11 | Create | Villager (Male) |
| 7:42 | Create | Villager (Male) |
| 7:42 | Create | Villager (Male) |
| 7:42 | Create | Villager (Male) |
| 7:42 | Create | Villager (Male) |
| 8:22 | Build | Lumber Camp |
| 9:06 | Build | Lumber Camp |
| 9:18 | Create | Villager (Male) |
| 9:18 | Create | Villager (Male) |
| 9:46 | Create | Villager (Male) |
| 10:09 | Build | Mining Camp |
| 10:12 | Create | Villager (Male) |
| 10:19 | Build | Mill |
| 10:50 | Create | Villager (Male) |
| 11:16 | Build | Mining Camp |
| 11:27 | Build | House |
| 11:28 | Build | House |
| 12:08 | Build | Mill |
| 12:33 | Research | Feudal Age |
| 12:33 | Research | Feudal Age |
| 13:12 | Build | House |
| 13:14 | Build | House |
| 14:19 | Create | Villager (Male) |
| 14:37 | Age | Feudal Age |
| 14:49 | Build | Stone Wall |
| 14:55 | Build | Stone Wall |
| 14:58 | Build | Stone Wall |
| 15:00 | Build | Stone Wall |
| 15:05 | Create | Villager (Male) |
| 15:05 | Create | Villager (Male) |
| 15:24 | Create | Villager (Male) |
| 15:29 | Research | Double-Bit Axe |
| 15:55 | Create | Villager (Male) |
| 16:17 | Build | Market |
| 16:22 | Create | Villager (Male) |
| 16:53 | Build | Stone Wall |
| 16:59 | Build | Farm |
| 17:01 | Create | Villager (Male) |
| 17:01 | Create | Villager (Male) |
| 17:02 | Build | Farm |
| 17:05 | Create | Villager (Male) |
| 17:11 | Build | Blacksmith |
| 17:17 | Create | Villager (Male) |
| 17:43 | Build | Farm |
| 17:46 | Build | Farm |
| 17:47 | Build | Farm |
| 17:49 | Build | Farm |
| 17:50 | Build | Farm |
| 17:52 | Build | Farm |
| 17:53 | Build | Farm |
| 17:55 | Build | Farm |
| 18:01 | Build | Farm |
| 18:18 | Build | Watch Tower |
| 18:22 | Build | Farm |
| 18:24 | Build | Farm |
| 18:26 | Create | Villager (Male) |
| 18:26 | Create | Villager (Male) |
| 19:04 | Create | Villager (Male) |
| 19:40 | Build | House |
| 19:41 | Build | House |
| 19:46 | Build | House |
| 20:01 | Research | Castle Age |
| 20:16 | Build | Farm |
| 20:19 | Build | Farm |
| 21:42 | Create | Villager (Male) |
| 21:43 | Create | Villager (Male) |
| 21:53 | Build | House |
| 21:57 | Build | House |
| 21:59 | Build | House |
| 22:27 | Age | Castle Age |
| 22:29 | Create | Villager (Male) |
| 22:39 | Build | Town Center |
| 22:50 | Build | Town Center |
| 22:55 | Create | Villager (Male) |
| 23:15 | Build | House |
| 23:18 | Build | House |
| 23:20 | Build | House |
| 23:26 | Create | Villager (Male) |
| 23:42 | Create | Villager (Male) |
| 23:42 | Create | Villager (Male) |
| 23:43 | Create | Villager (Male) |
| 23:43 | Create | Villager (Male) |
| 24:06 | Build | Monastery |
| 24:13 | Create | Villager (Male) |
| 24:16 | Create | Villager (Male) |
| 24:16 | Create | Villager (Male) |
| 24:16 | Create | Villager (Male) |
| 24:16 | Create | Villager (Male) |
| 24:42 | Build | Town Center |
| 25:06 | Create | Villager (Male) |
| 25:06 | Create | Villager (Male) |
| 25:06 | Create | Villager (Male) |
| 25:16 | Create | Villager (Male) |
| 25:17 | Create | Villager (Male) |
| 25:17 | Create | Villager (Male) |
| 25:29 | Create | Monk |
| 25:30 | Create | Monk |
| 25:40 | Create | Trade Cart |
| 25:40 | Create | Trade Cart |
| 25:52 | Create | Villager (Male) |
| 25:52 | Create | Villager (Male) |
| 25:56 | Create | Villager (Male) |
| 26:01 | Create | Villager (Male) |
| 26:01 | Create | Villager (Male) |
| 26:13 | Create | Villager (Male) |
| 26:17 | Build | Farm |
| 26:31 | Create | Villager (Male) |
| 26:40 | Build | Farm |
| 26:45 | Create | Villager (Male) |
| 26:46 | Create | Villager (Male) |
| 26:46 | Create | Villager (Male) |
| 26:46 | Create | Villager (Male) |
Build order — Bahus
129 actions detected in the replay
| 0:19 | Create | Villager (Male) |
| 0:19 | Create | Villager (Male) |
| 0:19 | Create | Villager (Male) |
| 0:28 | Build | House |
| 0:41 | Research | Loom |
| 0:42 | Create | Villager (Male) |
| 0:42 | Create | Villager (Male) |
| 0:42 | Create | Villager (Male) |
| 0:43 | Create | Villager (Male) |
| 2:29 | Create | Villager (Male) |
| 2:29 | Create | Villager (Male) |
| 2:38 | Build | House |
| 2:40 | Build | House |
| 2:45 | Create | Villager (Male) |
| 2:45 | Create | Villager (Male) |
| 4:28 | Build | Palisade Wall |
| 4:40 | Build | Building 804 |
| 4:47 | Build | Palisade Wall |
| 4:59 | Build | Palisade Wall |
| 5:13 | Create | Villager (Male) |
| 5:13 | Create | Villager (Male) |
| 5:14 | Create | Villager (Male) |
| 5:14 | Create | Villager (Male) |
| 5:14 | Create | Villager (Male) |
| 5:14 | Create | Villager (Male) |
| 5:22 | Build | House |
| 5:24 | Build | House |
| 6:49 | Build | Mining Camp |
| 7:27 | Create | Villager (Male) |
| 7:27 | Create | Villager (Male) |
| 7:27 | Create | Villager (Male) |
| 7:27 | Create | Villager (Male) |
| 9:02 | Build | Mill |
| 9:21 | Create | Villager (Male) |
| 9:21 | Create | Villager (Male) |
| 10:32 | Create | Villager (Male) |
| 10:33 | Research | Feudal Age |
| 11:01 | Build | Mining Camp |
| 11:41 | Build | Lumber Camp |
| 11:59 | Create | Villager (Male) |
| 12:00 | Create | Villager (Male) |
| 12:38 | Build | Lumber Camp |
| 13:05 | Create | Villager (Male) |
| 13:07 | Age | Feudal Age |
| 13:18 | Research | Double-Bit Axe |
| 13:21 | Research | Horse Collar |
| 13:29 | Build | House |
| 13:30 | Build | House |
| 13:32 | Build | House |
| 13:33 | Build | House |
| 13:34 | Build | House |
| 14:19 | Create | Villager (Male) |
| 14:19 | Create | Villager (Male) |
| 14:28 | Build | Farm |
| 14:38 | Build | Farm |
| 14:40 | Build | Farm |
| 14:42 | Build | Farm |
| 14:49 | Create | Villager (Male) |
| 14:49 | Create | Villager (Male) |
| 14:50 | Create | Villager (Male) |
| 14:50 | Create | Villager (Male) |
| 14:54 | Create | Villager (Male) |
| 15:02 | Build | Farm |
| 15:05 | Build | Farm |
| 15:10 | Build | Farm |
| 15:55 | Create | Villager (Male) |
| 15:55 | Create | Villager (Male) |
| 16:01 | Build | House |
| 16:10 | Build | Farm |
| 16:13 | Build | Farm |
| 16:14 | Build | Farm |
| 16:15 | Build | Farm |
| 16:16 | Build | Farm |
| 16:18 | Build | Farm |
| 16:23 | Create | Villager (Male) |
| 17:06 | Create | Villager (Male) |
| 17:47 | Build | Market |
| 18:00 | Create | Villager (Male) |
| 18:00 | Create | Villager (Male) |
| 18:01 | Create | Villager (Male) |
| 18:01 | Create | Villager (Male) |
| 18:11 | Build | Barracks |
| 18:25 | Build | Blacksmith |
| 18:38 | Build | Farm |
| 18:40 | Build | Farm |
| 19:01 | Build | Mill |
| 23:10 | Build | Farm |
| 23:11 | Build | Farm |
| 23:18 | Build | Archery Range |
| 23:32 | Build | Stable |
| 23:57 | Create | Villager (Male) |
| 24:05 | Research | Castle Age |
| 24:06 | Research | Castle Age |
| 24:57 | Build | Farm |
| 24:58 | Build | Farm |
| 24:59 | Build | Farm |
| 25:01 | Build | Farm |
| 25:02 | Build | Farm |
| 25:04 | Build | Farm |
| 25:05 | Build | Farm |
| 25:06 | Build | Farm |
| 25:08 | Build | Farm |
| 27:02 | Age | Castle Age |
| 27:13 | Build | Farm |
| 28:05 | Build | Farm |
| 28:13 | Build | Farm |
| 28:27 | Build | Farm |
| 28:43 | Research | Light Cavalry (upgrade) |
| 28:46 | Build | Farm |
| 28:55 | Research | Pikeman (upgrade) |
| 29:02 | Research | Elite Skirmisher (upgrade) |
| 29:14 | Research | Bow Saw |
| 29:15 | Research | Bow Saw |
| 29:28 | Create | Spearman |
| 29:28 | Create | Spearman |
| 29:29 | Create | Spearman |
| 29:29 | Create | Spearman |
| 29:29 | Create | Spearman |
| 29:30 | Create | Spearman |
| 29:45 | Build | Farm |
| 32:23 | Build | Farm |
| 32:25 | Build | Farm |
| 32:29 | Build | Farm |
| 32:56 | Research | Wheelbarrow |
| 32:56 | Research | Town Watch |
| 32:57 | Create | Villager (Male) |
| 32:58 | Create | Villager (Male) |
| 33:08 | Build | Town Center |
| 33:51 | Build | Town Center |
Build order — BelumWisuda
First 150 of 188 actions detected
| 0:08 | Create | Villager (Male) |
| 0:09 | Research | Loom |
| 0:09 | Create | Villager (Male) |
| 0:09 | Create | Villager (Male) |
| 0:10 | Create | Villager (Male) |
| 0:11 | Build | House |
| 0:30 | Build | Palisade Wall |
| 0:36 | Build | Palisade Wall |
| 2:10 | Build | House |
| 2:12 | Build | House |
| 2:13 | Build | House |
| 2:16 | Build | House |
| 2:33 | Build | Building 804 |
| 3:09 | Create | Villager (Male) |
| 3:09 | Create | Villager (Male) |
| 3:37 | Create | Villager (Male) |
| 3:38 | Create | Villager (Male) |
| 4:11 | Create | Villager (Male) |
| 4:48 | Create | Villager (Male) |
| 4:48 | Create | Villager (Male) |
| 4:55 | Create | Villager (Male) |
| 5:42 | Create | Villager (Male) |
| 5:42 | Create | Villager (Male) |
| 5:43 | Create | Villager (Male) |
| 6:12 | Create | Villager (Male) |
| 6:12 | Create | Villager (Male) |
| 6:38 | Create | Villager (Male) |
| 6:38 | Create | Villager (Male) |
| 7:22 | Create | Villager (Male) |
| 7:23 | Create | Villager (Male) |
| 7:36 | Create | Villager (Male) |
| 7:36 | Create | Villager (Male) |
| 7:36 | Create | Villager (Male) |
| 7:53 | Create | Villager (Male) |
| 7:53 | Create | Villager (Male) |
| 8:02 | Build | Mill |
| 8:10 | Create | Villager (Male) |
| 8:10 | Create | Villager (Male) |
| 8:10 | Create | Villager (Male) |
| 8:30 | Create | Villager (Male) |
| 8:45 | Build | Mill |
| 8:48 | Create | Villager (Male) |
| 8:51 | Create | Villager (Male) |
| 9:26 | Build | House |
| 9:45 | Build | Lumber Camp |
| 10:03 | Create | Villager (Male) |
| 10:04 | Create | Villager (Male) |
| 10:23 | Build | Lumber Camp |
| 10:59 | Create | Villager (Male) |
| 10:59 | Create | Villager (Male) |
| 11:00 | Create | Villager (Male) |
| 11:00 | Create | Villager (Male) |
| 11:00 | Create | Villager (Male) |
| 11:01 | Create | Villager (Male) |
| 12:25 | Create | Villager (Male) |
| 12:47 | Create | Villager (Male) |
| 13:18 | Create | Villager (Male) |
| 13:25 | Build | House |
| 13:26 | Build | House |
| 13:34 | Build | House |
| 13:35 | Build | House |
| 13:37 | Build | House |
| 13:39 | Build | House |
| 13:45 | Research | Feudal Age |
| 14:20 | Build | Lumber Camp |
| 15:55 | Age | Feudal Age |
| 15:59 | Research | Wheelbarrow |
| 16:03 | Research | Horse Collar |
| 16:07 | Research | Double-Bit Axe |
| 16:18 | Build | Stone Wall |
| 16:27 | Build | Farm |
| 16:29 | Build | Farm |
| 16:30 | Build | Farm |
| 16:32 | Build | Farm |
| 16:33 | Build | Farm |
| 16:35 | Build | Farm |
| 16:37 | Build | Farm |
| 16:52 | Build | Farm |
| 16:53 | Build | Farm |
| 16:55 | Build | Farm |
| 16:58 | Build | Farm |
| 16:59 | Build | Farm |
| 17:04 | Build | Farm |
| 17:06 | Build | Farm |
| 17:07 | Build | Farm |
| 17:12 | Create | Villager (Male) |
| 17:12 | Create | Villager (Male) |
| 17:13 | Create | Villager (Male) |
| 17:39 | Build | Building 673 |
| 17:58 | Build | Building 673 |
| 18:09 | Build | Farm |
| 18:19 | Create | Villager (Male) |
| 18:19 | Create | Villager (Male) |
| 18:19 | Create | Villager (Male) |
| 18:20 | Create | Villager (Male) |
| 18:21 | Create | Villager (Male) |
| 18:35 | Build | Mining Camp |
| 18:49 | Create | Villager (Male) |
| 18:49 | Create | Villager (Male) |
| 19:10 | Build | Stone Wall |
| 19:41 | Research | Gold Mining |
| 19:42 | Research | Stone Mining |
| 20:05 | Create | Villager (Male) |
| 20:05 | Create | Villager (Male) |
| 20:18 | Build | Mining Camp |
| 20:31 | Build | Market |
| 20:38 | Build | Blacksmith |
| 20:40 | Build | Market |
| 20:50 | Build | Lumber Camp |
| 20:58 | Create | Villager (Male) |
| 20:58 | Create | Villager (Male) |
| 21:35 | Build | Lumber Camp |
| 22:50 | Build | Lumber Camp |
| 22:57 | Research | Castle Age |
| 23:08 | Build | Lumber Camp |
| 23:38 | Build | Barracks |
| 24:08 | Create | Trade Cart ×5 |
| 24:08 | Create | Trade Cart ×5 |
| 25:44 | Age | Castle Age |
| 25:46 | Research | Hand Cart |
| 25:51 | Research | Coinage |
| 25:55 | Research | Caravan |
| 26:01 | Research | Heavy Plow |
| 26:08 | Research | Stone Shaft Mining |
| 26:11 | Research | Gold Shaft Mining |
| 26:19 | Create | Villager (Male) |
| 26:19 | Create | Villager (Male) |
| 26:19 | Create | Villager (Male) |
| 26:29 | Build | Town Center |
| 27:25 | Build | Town Center |
| 27:39 | Build | Farm |
| 27:43 | Build | Farm |
| 27:58 | Create | Villager (Male) |
| 28:07 | Build | Lumber Camp |
| 28:29 | Create | Villager (Male) |
| 28:29 | Create | Villager (Male) |
| 28:32 | Create | Villager (Male) ×5 |
| 29:09 | Create | Villager (Male) ×5 |
| 29:20 | Build | Castle |
| 29:34 | Build | Town Center |
| 29:44 | Create | Villager (Male) |
| 29:44 | Create | Villager (Male) |
| 29:44 | Create | Villager (Male) |
| 29:48 | Build | Farm |
| 29:56 | Build | Farm |
| 30:00 | Build | Farm |
| 30:03 | Build | Farm |
| 30:44 | Create | Villager (Male) |
| 30:44 | Create | Villager (Male) |
| 30:48 | Create | Villager (Male) ×5 |
Build order — 鹿鹿不会玩狙
First 150 of 204 actions detected
| 0:06 | Build | House |
| 0:08 | Build | House |
| 0:11 | Create | Villager (Male) |
| 0:11 | Create | Villager (Male) |
| 0:13 | Create | Villager (Male) |
| 0:13 | Create | Villager (Male) |
| 0:13 | Create | Villager (Male) |
| 1:41 | Create | Villager (Male) |
| 2:12 | Create | Villager (Male) |
| 2:13 | Create | Villager (Male) |
| 2:30 | Create | Villager (Male) |
| 2:50 | Create | Villager (Male) |
| 3:42 | Create | Villager (Male) |
| 3:54 | Create | Villager (Male) |
| 4:20 | Build | House |
| 5:02 | Create | Villager (Male) |
| 5:02 | Create | Villager (Male) |
| 5:02 | Create | Villager (Male) |
| 5:02 | Create | Villager (Male) |
| 5:03 | Create | Villager (Male) |
| 5:51 | Build | House |
| 6:06 | Build | Mill |
| 6:46 | Create | Villager (Male) |
| 7:31 | Research | Loom |
| 7:42 | Research | Loom |
| 7:50 | Build | Barracks |
| 8:22 | Research | Feudal Age |
| 8:23 | Research | Feudal Age |
| 9:04 | Build | Mill |
| 9:19 | Create | Villager (Male) |
| 9:20 | Create | Villager (Male) |
| 9:48 | Build | Lumber Camp |
| 10:32 | Age | Feudal Age |
| 10:33 | Research | Double-Bit Axe |
| 10:57 | Build | Mining Camp |
| 11:04 | Create | Villager (Male) |
| 11:08 | Create | Villager (Male) |
| 11:36 | Create | Villager (Male) |
| 11:52 | Build | House |
| 11:59 | Build | House |
| 12:25 | Create | Villager (Male) |
| 12:27 | Create | Villager (Male) |
| 12:43 | Build | Mining Camp |
| 13:07 | Build | Blacksmith |
| 13:51 | Build | Farm |
| 14:00 | Create | Villager (Male) |
| 14:01 | Create | Villager (Male) |
| 14:09 | Build | Farm |
| 14:37 | Build | Market |
| 15:05 | Research | Castle Age |
| 15:08 | Build | Farm |
| 15:13 | Build | Farm |
| 15:30 | Build | Farm |
| 15:45 | Build | Farm |
| 16:05 | Research | Horse Collar |
| 16:06 | Research | Horse Collar |
| 16:18 | Build | Farm |
| 16:21 | Build | Farm |
| 16:35 | Build | Farm |
| 16:41 | Create | Villager (Male) |
| 16:41 | Create | Villager (Male) |
| 16:46 | Build | Farm |
| 17:04 | Create | Villager (Male) |
| 17:45 | Age | Castle Age |
| 17:46 | Research | Bow Saw |
| 17:46 | Research | Bow Saw |
| 18:21 | Build | Castle |
| 18:32 | Create | Villager (Male) |
| 18:32 | Create | Villager (Male) |
| 19:06 | Build | Monastery |
| 19:12 | Build | Farm |
| 19:16 | Build | Farm |
| 19:17 | Build | Farm |
| 19:19 | Build | Farm |
| 19:24 | Create | Villager (Male) |
| 19:24 | Create | Villager (Male) |
| 19:35 | Research | Gold Mining |
| 19:59 | Create | Villager (Male) |
| 20:40 | Build | Town Center |
| 20:45 | Create | Villager (Male) ×4 |
| 20:49 | Research | Wheelbarrow |
| 20:55 | Build | House |
| 20:55 | Build | House |
| 20:55 | Build | House |
| 20:56 | Build | House |
| 20:56 | Build | House |
| 21:07 | Create | Villager (Male) |
| 21:08 | Create | Villager (Male) |
| 21:08 | Create | Villager (Male) |
| 21:36 | Research | Heavy Plow |
| 21:57 | Create | Villager (Male) |
| 21:58 | Create | Villager (Male) |
| 21:58 | Create | Villager (Male) |
| 22:03 | Build | Farm |
| 22:04 | Build | Farm |
| 22:05 | Build | Farm |
| 22:39 | Build | Lumber Camp |
| 23:04 | Create | Villager (Male) |
| 23:04 | Create | Villager (Male) |
| 23:05 | Create | Villager (Male) |
| 23:05 | Create | Villager (Male) |
| 23:05 | Create | Villager (Male) |
| 23:22 | Build | Siege Workshop |
| 23:25 | Create | Monk |
| 23:40 | Build | Mill |
| 23:48 | Create | Villager (Male) ×5 |
| 23:50 | Create | Villager (Male) |
| 23:53 | Build | Farm |
| 24:19 | Build | Farm |
| 24:20 | Build | Farm |
| 24:22 | Build | Farm |
| 24:34 | Create | Villager (Male) |
| 24:34 | Create | Villager (Male) |
| 25:09 | Research | Hand Cart |
| 25:22 | Build | Farm |
| 25:23 | Build | Farm |
| 25:23 | Build | Farm |
| 25:23 | Build | Farm |
| 25:24 | Build | Farm |
| 25:24 | Build | Farm |
| 25:24 | Build | Farm |
| 25:24 | Build | Farm |
| 25:25 | Build | Farm |
| 25:35 | Build | Farm |
| 25:36 | Build | Farm |
| 25:36 | Build | Farm |
| 25:36 | Build | Farm |
| 25:36 | Build | Farm |
| 25:37 | Build | Farm |
| 25:37 | Build | Farm |
| 25:55 | Build | Castle |
| 26:22 | Create | Villager (Male) |
| 26:22 | Create | Villager (Male) |
| 26:34 | Create | Battering Ram |
| 26:34 | Create | Battering Ram |
| 26:49 | Create | Villager (Male) ×5 |
| 26:54 | Build | Farm |
| 26:54 | Build | Farm |
| 26:54 | Build | Farm |
| 26:55 | Build | Farm |
| 26:55 | Build | Farm |
| 26:55 | Build | Farm |
| 27:12 | Build | Farm |
| 27:23 | Research | Scale Barding Armor |
| 27:35 | Build | Stable |
| 27:45 | Research | Town Watch |
| 27:53 | Build | Mill |
| 27:54 | Build | Farm |
| 27:54 | Build | Farm |
| 27:54 | Build | Farm |
Match timeline
| 0:27 | Lauro · wall_segment Palisade Wall x27 |
| 0:30 | BelumWisuda · wall_segment Palisade Wall x13 |
| 0:36 | BelumWisuda · wall_segment Palisade Wall x11 |
| 1:23 | Twixxo · wall_segment Palisade Wall x8 |
| 1:48 | Twixxo · wall_segment Palisade Wall x10 |
| 2:19 | Infernes · wall_segment Palisade Wall x9 |
| 2:24 | Infernes · wall_segment Palisade Wall x10 |
| 3:01 | Lauro · wall_segment Palisade Wall x10 |
| 3:12 | Infernes · wall_segment Palisade Wall x9 |
| 4:28 | Bahus · wall_segment Palisade Wall x3 |
| 4:47 | Bahus · wall_segment Palisade Wall x1 |
| 4:59 | Bahus · wall_segment Palisade Wall x3 |
| 6:35 | Infernes · wall_segment Palisade Wall x9 |
| 7:50 | 鹿鹿不会玩狙 · first_building Barracks |
| 10:32 | 鹿鹿不会玩狙 · age_up feudal |
| 11:03 | Lauro · age_up feudal |
| 11:38 | Lauro · first_building Barracks |
| 13:07 | Bahus · age_up feudal |
| 14:37 | Infernes · age_up feudal |
| 14:49 | Infernes · wall_segment Stone Wall x9 |
| 14:55 | Infernes · wall_segment Stone Wall x8 |
| 14:58 | Infernes · wall_segment Stone Wall x2 |
| 15:00 | Infernes · wall_segment Stone Wall x7 |
| 15:17 | Twixxo · age_up feudal |
| 15:33 | Twixxo · wall_segment Stone Wall x12 |
| 15:52 | Twixxo · first_building Barracks |
| 15:55 | BelumWisuda · age_up feudal |
| 16:11 | Twixxo · wall_segment Stone Wall x10 |
| 16:18 | BelumWisuda · wall_segment Stone Wall x26 |
| 16:53 | Infernes · wall_segment Stone Wall x3 |
| 17:08 | Twixxo · first_building Stable |
| 17:45 | 鹿鹿不会玩狙 · age_up castle |
| 18:11 | Bahus · first_building Barracks |
| 18:21 | 鹿鹿不会玩狙 · first_building Castle |
| 19:06 | 鹿鹿不会玩狙 · first_building Monastery |
| 19:10 | BelumWisuda · wall_segment Stone Wall x10 |
| 20:09 | Lauro · first_building Archery Range |
| 22:27 | Infernes · age_up castle |
| 23:18 | Bahus · first_building Archery Range |
| 23:22 | 鹿鹿不会玩狙 · first_building Siege Workshop |
| 23:32 | Bahus · first_building Stable |
| 23:35 | Twixxo · wall_segment Stone Wall x5 |
| 23:38 | BelumWisuda · first_building Barracks |
| 23:39 | Twixxo · wall_segment Stone Wall x4 |
| 24:06 | Infernes · first_building Monastery |
| 24:06 | Lauro · age_up castle |
| 24:07 | Twixxo · age_up castle |
| 24:17 | Lauro · first_building Monastery |
| 24:47 | Twixxo · first_building Castle |
| 24:59 | Twixxo · first_building Archery Range |
| 25:44 | BelumWisuda · age_up castle |
| 27:02 | Bahus · age_up castle |
| 27:35 | 鹿鹿不会玩狙 · first_building Stable |
| 27:36 | BelumWisuda · first_market_buy 100 wood |
| 28:06 | Twixxo · wall_segment Stone Wall x5 |
| 28:11 | Twixxo · wall_segment Stone Wall x1 |
| 28:13 | Infernes · first_building Castle |
| 29:20 | BelumWisuda · first_building Castle |
| 29:27 | Twixxo · wall_segment Stone Wall x6 |
| 29:28 | Twixxo · wall_segment Stone Wall x4 |
| 29:30 | Lauro · first_building Castle |
| 30:05 | Infernes · first_building Barracks |
| 31:08 | Twixxo · first_building Siege Workshop |
| 31:25 | 鹿鹿不会玩狙 · age_up imperial |
| 31:29 | Infernes · first_building Siege Workshop |
| 32:37 | Twixxo · first_market_sell 500 wood |
| 32:37 | Twixxo · first_market_buy 100 food |
| 33:36 | Infernes · first_building Stable |
| 33:48 | Twixxo · resign |
[ AI ANALYSIS · 1 CREDIT ]
What really happened in this match?
Wolo.gg analyzes every decision: build order, eco, micro, common mistakes by bracket. Personalized analysis on WhatsApp or Discord in 30 seconds.
Civ guide
Teutons
Map guide
Black Forest
Perfil
Twixxo